Map: Acropolis LE

Players

pHARM - Winner!

  • Race: Zerg Zerg
  • League: Platinum
  • Spawn Location: 5:00

WhiteClaw

  • Race: Protoss Protoss
  • League: Diamond
  • Spawn Location: 11:00

VOD

Have the link to the VOD?

Description

Time

  • Played on: Aug. 30, 2019, 9:45 p.m.
  • Length: 6:36
Show
View Real Time Build Order
Export as new Build Order

pHARM Zerg - Winner!

Build Orders: Hatch First 

Get SALT Encoding   

  12  0:01  Drone  
  13  0:12  Overlord  
  13  0:19  Drone  
  14  0:31  Drone x2  
  16  0:53  Drone, Hatchery  
  16  0:55  Drone  
  17  1:01  Drone  
  18  1:13  Drone  
  18  1:17  Spawning Pool  
  18  1:19  Drone  
  19  1:30  Drone  
  20  1:38  Extractor  
  20  1:40  Drone  
  20  1:55  Drone  
  21  2:04  Queen  
  21  2:05  Queen  
  21  2:06  Overlord  
  21  2:08  Drone  
  26  2:24  Drone x3  
  29  2:47  Drone x4  
  33  2:56  Queen  
  35  3:03  Lair  
  35  3:05  Drone  
  36  3:06  Overlord x2  
  36  3:18  Drone, Hatchery  
  36  3:19  Overlord  
  36  3:20  Overlord  
  36  3:38  Overlord x2  
  36  3:39  Drone x6  
  42  3:41  Extractor  
  42  3:43  Extractor  
  42  3:46  Roach Warren  
  39  4:14  Drone  
  39  4:15  Drone x9  
  49  4:25  Glial Reconstitution  
  49  4:30  Evolution Chamber  
  48  4:31  Evolution Chamber  
  47  4:52  Roach x4  
  61  4:53  Roach x9  
  73  5:28  Queen  
  75  5:29  Drone  
  75  5:30  Drone x6  
  75  5:31  Overlord x6  
  78  5:57  Spore Crawler  
  75  5:59  Spore Crawler, Queen x2  
Show
View Real Time Build Order
Export as new Build Order

WhiteClaw Protoss 

Build Orders:  

Get SALT Encoding   

  12  0:12  Probe  
  13  0:20  Pylon  
  13  0:24  Probe  
  14  0:32  Probe  
  14  0:40  Gateway, Probe  
  16  0:50  Probe  
  16  0:51  Assimilator  
  17  0:59  Assimilator  
  17  1:03  Probe  
  18  1:11  Pylon  
  18  1:15  Probe  
  19  1:23  Probe  
  19  1:31  Probe  
  21  1:43  Probe  
  22  1:51  Nexus  
  22  1:55  Probe  
  23  2:11  Gateway  
  23  2:17  Cybernetics Core  
  23  2:23  Zealot  
  23  2:27  Gateway  
  25  2:51  Warp Gate  
  25  2:54  Zealot  
  27  2:59  Adept  
  27  3:00  Probe  
  27  3:03  Probe  
  31  3:08  Probe  
  32  3:16  Probe  
  32  3:18  Probe  
  33  3:22  Stargate  
  34  3:28  Probe  
  34  3:30  Probe  
  36  3:40  Probe  
  37  3:42  Probe  
  37  3:43  Stalker  
  40  3:52  Forge, Probe  
  41  3:56  Pylon  
  41  3:57  Probe  
  41  3:59  Pylon  
  42  4:04  Probe  
  42  4:09  Probe  
  46  4:14  Oracle  
  46  4:16  Pylon, Probe  
  48  4:41  Oracle  
  48  4:50  Adept x3  
  57  4:54  Assimilator  
  57  4:56  Assimilator  
  57  4:57  Probe x2  
  59  5:07  Gateway  
  59  5:08  Gateway  
  59  5:09  Probe x2  
  59  5:11  Twilight Council  
  61  5:21  Probe x2  
  63  5:30  Adept x2  
  63  5:31  Adept  
  63  5:33  Probe  
  62  5:52  Stalker x3  
  66  6:02  Shield Battery  
  66  6:04  Shield Battery  
  66  6:05  Pylon  
  66  6:06  Pylon  
  60  6:18  Stalker x5  
Tags
 
Matchup
PvZ
Replay Pack
10.7.19
Spawn Locations
Cross Positions
Add a new tag
Caveats
  • Supply blocks, unpowered buildings, or Contaminate may cause inaccurate times.
  • Supply counts are checked every 10 seconds.